 Dungeon Crawl Stone Soup version 0.28-a0-1143-gcf6077d4cc (webtiles) character file.

Game seed: 13105171836410737344

489 leviel the Skirmisher (level 7, -1/62 HPs)
             Began as a Hill Orc Fighter on Dec 13, 2021.
             Slain by an ogre (20 damage)
             ... on level 4 of the Dungeon.
             The game lasted 00:03:13 (3279 turns).

leviel the Skirmisher (Hill Orc Fighter)            Turns: 3279, Time: 00:03:13

Health: -1/62      AC:  8    Str: 21    XL:     7   Next: 14%
Magic:  7/7        EV:  9    Int:  8    God:
Gold:   141        SH:  4    Dex: 10    Spells: 6/6 levels left

rFire   . . .      SeeInvis .   a - +0 war axe
rCold   . . .      Faith    .   c - +0 buckler
rNeg    . . .      Spirit   .   b - +0 scale mail
rPois   .          Reflect  .   (no helmet)
rElec   .          Harm     .   (no cloak)
rCorr   .          Rampage  .   f - +0 pair of gloves
Will    .....                   (no boots)
Stlth   ..........              (no amulet)
HPRegen 0.20/turn               (no ring)
MPRegen 0.10/turn               (no ring)

@: no status effects
A: no striking features
a: no special abilities


You were on level 4 of the Dungeon.
You visited 1 branch of the dungeon, and saw 4 of its levels.
You also visited: Sewer.

You collected 141 gold pieces.

Inventory:

Hand Weapons
 a - a +0 war axe (weapon)
Armour
 b - a +0 scale mail (worn)
 c - a +0 buckler (worn)
 e - a +0 plate armour
 f - a +0 pair of gloves (worn)
Jewellery
 j - an amulet of guardian spirit
Scrolls
 g - a scroll of enchant armour {unknown}
 i - a scroll of identify {unknown}
 m - a scroll of immolation {unknown}
 o - a scroll of summoning {unknown}
Potions
 d - a potion of might
 h - 3 potions of curing
 k - a potion of magic {unknown}
 l - a potion of attraction {unknown}
 n - 2 potions of flight


   Skills:
 + Level 5.9 Fighting
 + Level 5.9 Axes
 + Level 5.5 Armour
 - Level 4.0 Shields


You had 6 spell levels left.
You didn't know any spells.
Your spell library contained the following spells:

 Spells                   Type           Power      Damage    Failure   Level
 Animate Skeleton         Necr           0%         N/A       73%         1
 Apportation              Tloc           0%         N/A       73%         1
 Foxfire                  Conj/Fire      0%         2x1d4     73%         1
 Summon Small Mammal      Summ           0%         N/A       73%         1
 Ensorcelled Hibernation  Hex/Ice        0%         N/A       86%         2
 Conjure Flame            Conj/Fire      0%         6-21      97%         3
 Inner Flame              Hex/Fire       0%         N/A       97%         3
 Tukima's Dance           Hex            0%         N/A       97%         3
 Flame Wave               Conj/Fire      0%         2d4       100%        4


Dungeon Overview and Level Annotations

Branches:
Dungeon (4/15)              Sewer (visited)
 Temple: D:4-7

Altars:
Dithmenos

Annotations:
D:2 1 runed translucent door, Crazy Yiuf
D:4 Menkaure; ducksouse's ghost, amateur MiFi


Message History

Menkaure is heavily damaged.
You block Menkaure's attack.
You slash Menkaure!
Menkaure is severely damaged.
Menkaure hits you.
You barely miss Menkaure.
Menkaure is severely damaged.
You block Menkaure's attack.
You barely miss Menkaure.
Menkaure is severely damaged.
Menkaure hits you.
An ogre comes into view. It is wielding a +0 giant club.
You closely miss Menkaure.
Menkaure is severely damaged.
The ogre shouts!
Menkaure gestures at you while chanting.
You struggle to resist.
You hit Menkaure but do no damage.
Menkaure is severely damaged.
Menkaure misses you.
You barely miss Menkaure.
Menkaure is severely damaged.
You block Menkaure's attack.
You barely miss Menkaure.
Menkaure is severely damaged.
Menkaure calls on the powers of darkness!
The ogre convulses!
Your body is wracked with pain!
You hit Menkaure.
Menkaure is almost destroyed.
Menkaure calls on the powers of darkness!
The ogre convulses!
Your body is wracked with pain!
* * * LOW HITPOINT WARNING * * *
Okay, then.
You hit the ogre but do no damage.
The ogre is severely wounded.
The ogre barely misses you.
You hit the ogre.
The ogre is severely wounded.
The ogre hits you with a +0 giant club!!
You die...

#.# ######### ..#######.##
##........
#.......#..####..#######
#######..#.##...##
###.............### ######
....#######.....### ##.....#.
##..# ##.##...# ##........
....### #.####>####(........
###...###
#..).@OM....(.......
###...#########...##.........
###....### ###..#.........
####...## #.............
###..## #.............
##..###...........#. #
##..)..†.....##.## ##
#####............ .#####
#............


You could see an ogre and Menkaure.

Vanquished Creatures
  An ogre (D:4)
  A necrophage (D:4)
  A kobold brigand (Sewer)
  3 orc priests
  An orc wizard (D:3)
  2 river rats (Sewer)
  3 adders
  A worm (D:2)
  3 dart slugs
  7 orcs
  6 endoplasms
  4 giant cockroaches
  6 goblins
  4 hobgoblins
  8 jackals
  5 quokkas
  9 ball pythons
  7 bats
  A frilled lizard (D:2)
  9 kobolds
  8 rats
90 creatures vanquished.

Vanquished Creatures (others)
  A fungus (D:2)
1 creature vanquished.

Grand Total: 91 creatures vanquished

Notes
Turn   | Place    | Note
-------+----------+-------------------------------------------
     0 | D:1      | leviel the Hill Orc Fighter began the quest for the Orb.
     0 | D:1      | Reached XP level 1. HP: 19/19 MP: 1/1
   204 | D:1      | Reached XP level 2. HP: 26/27 MP: 2/2
   540 | D:1      | Found a faded altar of an unknown god.
   555 | D:1      | Reached XP level 3. HP: 30/33 MP: 3/3
  1365 | D:2      | Found a shadowy altar of Dithmenos.
  1384 | D:2      | Reached XP level 4. HP: 40/40 MP: 4/4
  1775 | D:2      | Found a runed translucent door.
  1776 | D:2      | Noticed Crazy Yiuf
  1841 | D:3      | Reached XP level 5. HP: 27/47 MP: 5/5
  2255 | D:3      | Found a glowing drain.
  2259 | Sewer    | Entered a sewer
  2323 | Sewer    | Noticed a kobold brigand
  2336 | Sewer    | Reached skill level 5 in Fighting
  2338 | Sewer    | Killed a kobold brigand
  2339 | Sewer    | Reached skill level 5 in Axes
  2339 | Sewer    | Reached XP level 6. HP: 33/56 MP: 6/6
  2503 | Sewer    | Found a white marble altar of Elyvilon.
  2903 | D:4      | Noticed a necrophage
  2910 | D:4      | Reached skill level 5 in Armour
  2922 | D:4      | Killed a necrophage
  3132 | D:4      | Noticed ducksouse's ghost (amateur MiFi)
  3256 | D:4      | Reached XP level 7. HP: 62/62 MP: 7/7
  3262 | D:4      | Noticed Menkaure
  3279 | D:4      | Slain by an ogre

Illustrated notes

Levels and vault maps discovered:
D:1:      tarquinn_simple_flora_water_e, layout_loops_ring,
          hellmonk_ecumenical_altar_heavens_door, chequers_mini_garden,
          minmay_unequal
D:2:      layout_loops_ring, basic_altar, uniq_crazy_yiuf_cottage
D:3:      layout_loops_cross, gup_sewer_entry_bowl, st_stairs_3, minivault_23
D:4:      layout_rooms, gammafunk_ghost_split, minmay_misc_feat_four_crosses,
          uniq_menkaure

Skill      XL: |  1  2  3  4  5  6 |
---------------+-------------------+-----
Axes           | 3 4 5 |  5.9
Fighting       | 4 5 |  5.9
Armour         | 4 5 |  5.5
Shields        | 4 |  4.0

Action                   |  1- 3 |  4- 6 |  7- 9 || total
-------------------------+-------+-------+-------++-------
Melee: War axe           |   111 |   146 |    11 ||   268
  Use: Scroll            |       |     1 |       ||     1
Armor: Scale mail        |    70 |    69 |       ||   139
Dodge: Dodged            |    53 |    72 |     2 ||   127
Block: Buckler           |    28 |    31 |     3 ||    62

Table legend: (Time is in decaauts)
 A = Elapsed time spent in this place.
 B = Non-inter-level travel time spent in this place.
 C = Inter-level travel time spent in this place.
 D = Time resting spent in this place.
 E = Time spent auto-exploring this place.
 F = Levels seen in this place.
 G = Mean time per level.
                   A        B        C        D        E       F      G
               +--------+--------+--------+--------+--------+-----+--------+
         Total |   3391 |   3295 |     96 |    516 |   2122 |   5 |  678.2 |
       Dungeon |   3064 |   2968 |     96 |    385 |   1996 |   4 |  766.0 |
         Sewer |    326 |    326 |      0 |    131 |    126 |   1 |  326.0 |
               +--------+--------+--------+--------+--------+-----+--------+

Top non-repeatable levels by time:
     D:2: 1094 daAuts
     D:3: 801 daAuts
     D:1: 770 daAuts
     D:4: 398 daAuts
   Sewer: 326 daAuts
